 Dungeon Crawl Stone Soup version 0.27-a0-512-g57cc695410 (webtiles) character file.

Game seed: 13073720904924563461

47 siradein the Chucker (level 3, 0/39 HPs)
             Began as an Ogre Hunter on Mar 3, 2021.
             Succumbed to an adder's poison
             ... on level 2 of the Dungeon.
             The game lasted 00:05:22 (2172 turns).

siradein the Chucker (Ogre Hunter)                  Turns: 2172, Time: 00:05:23

Health: 0/39       AC:  4    Str: 16    XL:     3   Next: 70%
Magic:  3/3        EV:  7    Int: 12    God:
Gold:   63         SH:  6    Dex: 10    Spells: 2/2 levels left

rFire    . . .     SeeInvis .   n - +0 mace
rCold    . . .     Faith    .   m - +0 kite shield
rNeg     . . .     Spirit   .   b - +0 robe
rPois    .         Reflect  .   (helmet restricted)
rElec    .         Harm     .   a - +0 cloak
rCorr    .         Rampage  .   (gloves unavailable)
Will     .....                  (boots unavailable)
Stlth    +.........             (no amulet)
HPRegen  0.13/turn              (no ring)
MPRegen  0.08/turn              (no ring)

@: lethally poisoned (0 -> -4)
A: large, unfitting armour, tough skin 1
a: no special abilities


You were on level 2 of the Dungeon.
You visited 1 branch of the dungeon, and saw 2 of its levels.

You collected 63 gold pieces.

Inventory:

Hand Weapons
 n - a +0 mace (weapon)
Missiles
 c - 5 large rocks
 d - 2 throwing nets
 g - 4 boomerangs (quivered)
Armour
 a - a +0 cloak (worn)
 b - a +0 robe (worn)
 m - a +0 kite shield (worn)
Scrolls
 f - a scroll of enchant armour {unknown}
 h - 2 scrolls of immolation {unknown}
 k - a scroll of teleportation {unknown}
 l - a scroll of enchant weapon {unknown}
 o - 3 scrolls of identify {unknown}
Potions
 e - a potion of degeneration {unknown}
 i - a potion of heal wounds {unknown}
 j - a potion of lignification {unknown}
 p - a potion of curing {unknown}


   Skills:
 + Level 3.8 Fighting
 + Level 0.5 Maces & Flails
 + Level 4.5 Throwing
 - Level 2.1 Dodging
 - Level 0.6 Stealth


You had 2 spell levels left.
You didn't know any spells.
Your spell library was empty.

Dungeon Overview and Level Annotations

Branches:
Dungeon (2/15)

Altars:

Annotations:
D:2 Terence


Innate Abilities, Weirdness & Mutations

You are too large for most types of armour.
You have tough skin. (AC +1)


Message History

You feel sick.
You miss the adder. The adder bites you but does no damage.
You block the adder's attack. The adder closely misses you.
You closely miss the adder.
You feel sick. The adder bites you.
You are more poisoned.
The adder poisons you! The adder closely misses you.
You feel sick. The adder barely misses you.
You hit the adder but do no damage.
You feel sick.
The adder bites you but does no damage. x2
You feel sick. The adder bites you but does no damage.
You barely miss the adder.
You feel sick. You block the adder's attack. The adder closely misses you.
You closely miss the adder.
You feel sick. The adder bites you but does no damage.
The adder completely misses you.
You barely miss the adder. The adder barely misses you. The adder bites you.
You are more poisoned.
The adder poisons you!
You closely miss the adder.
You feel sick. The adder bites you but does no damage.
You block the adder's attack. The adder bites you.
You miss the adder.
You feel sick. The adder barely misses you.
The adder bites you but does no damage.
You barely miss the adder.
You feel sick. The adder bites you. x2
The adder bites you.
You are more poisoned.
The adder poisons you!
You barely miss the adder.
You feel sick. The adder bites you. x2
You miss the adder.
You feel sick. The adder bites you.
* * * LOW HITPOINT WARNING * * *
Terence says, "You're history."
The adder bites you but does no damage.
You feel sick.
You feel sick. The adder bites you.
* * * LOW HITPOINT WARNING * * *
You feel sick.
You feel sick. The adder bites you.
* * * LOW HITPOINT WARNING * * *
You die...

. . ## #.#.# . .####.#.# @#######
.....#.### ..g.K..# .........##
.#####g###### #...#.#.<# ..
#K@.@..# #.....)รท###### #.#
######@#####.##.#..)....#... ..
#..lS.@...).#.......... #. ###
#######)#.#............ #.###..#
#.#.#............ #....#.###
..#)#............ ##..#....#
#.##.##........... ##....)##.#
#.##.............. ......###.#
###.................
..#g#.>.#.###....................
.###.##.#.....###...........


You could see Terence, an adder and a frilled lizard.

Vanquished Creatures
  An ooze (D:2)
  2 dart slugs (D:1)
  2 leopard geckos
  A giant cockroach (D:1)
  5 goblins
  8 hobgoblins
  2 kobolds (D:2)
  A quokka (D:2)
  6 bats
  3 frilled lizards
  3 rats (D:1)
34 creatures vanquished.

Notes
Turn   | Place    | Note
-------+----------+-------------------------------------------
     0 | D:1      | siradein the Ogre Hunter began the quest for the Orb.
     0 | D:1      | Reached XP level 1. HP: 22/22 MP: 1/1
   318 | D:1      | Reached XP level 2. HP: 30/31 MP: 2/2
   783 | D:1      | Reached XP level 3. HP: 34/37 MP: 3/3
  1316 | D:2      | Noticed Terence
  2171 | D:2      | HP: 1/39 [adder (5)]
  2172 | D:2      | Succumbed to an adder's poison

Illustrated notes

Levels and vault maps discovered:
D:1:      dpeg_arrival_houses_and_road, layout_loops_ring, dk_noncrumbling_4
D:2:      layout_rooms, overflow_temple_1_default, uniq_sigmund,
          uniq_crazy_yiuf_cottage, uniq_terence

Skill      XL: |  1 |
---------------+----+-----
Fighting       | 3 |  3.8
Dodging        | 2 |  2.1
Maces & Flails | |  0.5
Throwing       | |  4.5
Stealth        | |  0.6

Action                   || total
-------------------------++-------
Melee: Short sword       ||    58
       Mace              ||    76
Throw: Boomerang         ||     1
 Stab: Sleeping          ||     2
Armor: Robe              ||    56
Dodge: Dodged            ||    63
Block: Kite shield       ||    28

Table legend: (Time is in decaauts)
 A = Elapsed time spent in this place.
 B = Non-inter-level travel time spent in this place.
 C = Inter-level travel time spent in this place.
 D = Time resting spent in this place.
 E = Time spent auto-exploring this place.
 F = Levels seen in this place.
 G = Mean time per level.
                   A        B        C        D        E       F      G
               +--------+--------+--------+--------+--------+-----+--------+
         Total |   2238 |   2208 |     30 |    623 |   1083 |   2 | 1119.0 |
       Dungeon |   2238 |   2208 |     30 |    623 |   1083 |   2 | 1119.0 |
               +--------+--------+--------+--------+--------+-----+--------+

Top non-repeatable levels by time:
     D:1: 1726 daAuts
     D:2: 511 daAuts
